 Dungeon Crawl Stone Soup version 0.17-a0-2118-g63bad21 (webtiles) character file.

21 glosham the Digger (level 2, -2/26 HPs)
             Began as a Demigod Earth Elementalist on Oct 20, 2015.
             Slain by Natasha (8 damage)
             ... on level 1 of the Dungeon.
             The game lasted 00:11:35 (874 turns).

glosham the Digger (Demigod Earth Elementalist)      Turns: 874, Time: 00:11:35

Health: -2/26      AC:  2    Str: 11    XL:     2   Next: 45%
Magic:  4/7        EV: 12    Int: 19    God:
Gold:   41         SH:  0    Dex: 16    Spells: 1 memorised, 3 levels left

rFire  . . .     SeeInvis .     b - 30 stones
rCold  . . .     Clarity  .     X - +0 robe
rNeg   . . .     SustAt   +     (no shield)
rPois  .         Gourm    .     (no helmet)
rElec  .         Spirit   .     (no cloak)
rCorr  .         Warding  .     (no gloves)
rMut   .         Stasis   .     (no boots)
MR     .....                    (no amulet)
Stlth  ++........               (no ring)
                                (no ring)

@: very slightly contaminated, slowed, very slow, not resistant to hostile
enchantments, unstealthy
A: high mp 1, robust 1, spit poison 1, sustain attributes
a: Spit Poison


You were on level 1 of the Dungeon.
You were not hungry.

You visited 1 branch of the dungeon, and saw 2 of its levels.

You collected 41 gold pieces.

Inventory:

Hand Weapons
 a - a +0 dagger
 n - a +0 short sword
Missiles
 b - 30 stones (in hand)
 j - 13 arrows
 m - 3 tomahawks
Armour
 X - a +0 robe (worn)
Potions
 e - a potion of lignification
 k - a potion of mutation {!q}
Books
 c - a book of Geomancy

   Spells                             Type                      Level
   a - Sandblast                      Earth                        1
   b - Stoneskin                      Transmutation/Earth          2
   c - Passwall                       Transmutation/Earth          3
   d - Stone Arrow                    Conjuration/Earth            3
   e - Petrify                        Transmutation/Earth          4
   f - Lee's Rapid Deconstruction     Earth                        5
Comestibles
 d - a bread ration
 f - 2 fruits
 g - a meat ration
 h - a chunk of flesh
 l - a beef jerky


   Skills:
 - Level 2.1 Fighting
 - Level 1.7 Dodging
 - Level 1.7 Stealth
 - Level 1.7 Spellcasting
   Level 0.8 Transmutations
 * Level 2.6 Earth Magic


You had 3 spell levels left.
You knew the following spells:

 Your Spells              Type           Power        Failure   Level  Hunger
z - Sandblast             Erth           ##....       8%          1    #......


Dungeon Overview and Level Annotations

Branches:
Dungeon (2/15)

Annotations:
D:1 Natasha


Innate Abilities, Weirdness & Mutations

You have an increased reservoir of magic (+10% MP).
Your attributes are resistant to harm.
You are robust (+10% HP).
You can spit weak poison.


Message History

Natasha claws you.
You climb upwards.
There is a stone staircase leading down here.
b - 31 stones (in hand) Natasha claws you!
Casting: Sandblast
Confirm with . or Enter, or press ? or * to list all spells.
You don't know that spell.
Casting: Sandblast
Confirm with . or Enter, or press ? or * to list all spells.
Aiming: Sandblast
Press: ? - help, Shift-Dir - straight line, f - Natasha
Aim: Natasha (moderately wounded, fast)
You miscast Sandblast.
You are very lightly contaminated with residual magic.
You feel a surge of energy from the ground.
Natasha barely misses you.
Casting: Sandblast
Confirm with . or Enter, or press ? or * to list all spells.
Aiming: Sandblast
Press: ? - help, Shift-Dir - straight line, f/p - Natasha
Aim: Natasha (moderately wounded, fast)
The rocky blast hits Natasha.
Natasha is severely wounded.
Natasha wildly gestures.
Natasha's fingertips start to glow.
Natasha barely misses you.
Natasha stares at you and mumbles some strange words.
You feel yourself slow down.
Casting: Sandblast
Confirm with . or Enter, or press ? or * to list all spells.
Aiming: Sandblast
Press: ? - help, Shift-Dir - straight line, f/p - Natasha
Aim: Natasha (severely wounded, fast)
You miscast Sandblast.
Nothing appears to happen.
Natasha stares at you and mumbles some strange words.
The magic dart hits you!
* * * LOW HITPOINT WARNING * * *
Natasha claws you!
You die...

######## #......### .........#
######### ...>.....# #..#....#
##### #......### ##..#....#
##...# ###..###
#........######..#.# ##..#
#...............##†#
####..########.........########.#
................@.....### #.#
............##.h........### #.#
.............##.......#...# #.#
......>......##....######.#####.#
............>####..## #........
.............# #...## #######..
.............# #....# #.....
............)## ##.#.## #.....
..............####....## #.....


You could see Natasha.

Vanquished Creatures
  An ooze (D:1)
  A giant cockroach (D:1)
  A goblin (D:1)
  5 hobgoblins (D:1)
  3 kobolds (D:1)
  2 ball pythons (D:1)
  2 bats (D:1)
15 creatures vanquished.

Notes
Turn   | Place    | Note
--------------------------------------------------------------
     0 | D:1      | glosham the Demigod Earth Elementalist began the quest for the Orb.
     0 | D:1      | Reached XP level 1. HP: 14/14 MP: 5/5
   196 | D:1      | Reached skill level 1 in Fighting
   288 | D:1      | Reached XP level 2. HP: 21/23 MP: 1/7
   633 | D:1      | Reached skill level 2 in Fighting
   825 | D:1      | Gained mutation: You can spit weak poison. [potion of mutation]
   825 | D:1      | Gained mutation: You are robust (+10% HP). [potion of mutation]
   867 | D:2      | Found a blossoming altar of Fedhas.
   867 | D:2      | Noticed Natasha
   874 | D:1      | Slain by Natasha

Vault maps used:
D:1:      dpeg_arrival_orchard, minmay_unequal
D:2:      lemuel_zombie_altar_yredelemnul, nicolae_overflow_hidden_temple,
          amalloy_card_club, uniq_natasha

Action                   || total
-------------------------++-------
Melee: Dagger            ||    25
 Cast: Sandblast         ||    42
  Use: Scroll            ||     2
       Potion            ||     1
 Stab: Sleeping          ||     1
  Eat: Chunk             ||     1

Table legend:
 A = Turns spent in this place as a percentage of turns spent in the entire game.
 B = Non-inter-level travel turns spent in this place as a percentage of non-inter-level travel turns spent in the entire game.
 C = Inter-level travel turns spent in this place as a percentage of turns spent in this place.
 D = Turns resting spent in this place as a percentage of non-inter-level travel turns spent in this place.
 E = Turns spent auto-exploring this place as a percentage of non-inter-level travel turns spent in this place.
 F = Non-inter-level travel turns spent in this place divided by the number of levels of this place that you've seen.
                   A       B       C       D       E      F
               +-------+-------+-------+-------+-------+----------------------
         Total | 100.0 | 100.0 |   0.2 |   5.4 |   0.6 | 232.5
       Dungeon | 100.0 | 100.0 |   0.2 |   5.4 |   0.6 | 232.5
               +-------+-------+-------+-------+-------+----------------------

Table legend:
 A = Kills in this place as a percentage of kills in entire the game.
 B = Kills by you in this place as a percentage of kills by you in the entire game.
 C = Kills by friends in this place as a percentage of kills by friends in the entire game.
 D = Other kills in this place as a percentage of other kills in the entire game.
 E = Experience gained in this place as a percentage of experience gained in the entire game.
 F = Experience gained in this place divided by the number of levels of this place that you have seen.
                   A       B       C       D       E      F
               +-------+-------+-------+-------+-------+----------------------
         Total | 100.0 | 100.0 |  -nan |  -nan | 100.0 |  15.0
       Dungeon | 100.0 | 100.0 |  -nan |  -nan | 100.0 |  15.0
               +-------+-------+-------+-------+-------+----------------------

Vault maps used:
D:1:      dpeg_arrival_orchard, minmay_unequal
D:2:      lemuel_zombie_altar_yredelemnul, nicolae_overflow_hidden_temple,
          amalloy_card_club, uniq_natasha
